 Dungeon Crawl Stone Soup version 0.20.1-1-g8b1a95d (webtiles) character file.

161 dohliylev the Sneak (level 5, -5/35 HPs)
             Began as a Vampire Enchanter on Dec 6, 2017.
             Killed from afar by an orc wizard (9 damage)
             ... with a puff of flame
             ... on level 3 of the Dungeon.
             The game lasted 00:08:40 (2451 turns).

dohliylev the Sneak (Vampire Enchanter)             Turns: 2451, Time: 00:08:41

Health: -5/35      AC:  2    Str:  7    XL:     5   Next: 18%
Magic:  2/9        EV: 13    Int: 18    God:
Gold:   147        SH:  0    Dex: 15    Spells: 4/10 levels left

rFire    . . .     SeeInvis +   a - +1 dagger
rCold    . . .     Gourm    .   (no shield)
rNeg     . . .     Faith    .   b - +0 robe
rPois    .         Spirit   .   (no helmet)
rElec    .         Reflect  .   (no cloak)
rCorr    .         Harm     .   (no gloves)
MR       .....                  (no boots)
Stlth    +++.......             (no amulet)
Regen    0.4/turn               (no ring)
MPRegen  0.2/turn               (no ring)

@: regenerating quickly
A: fangs 3, see invisible, unbreathing
a: no special abilities


You were on level 3 of the Dungeon.
You were very full.

You visited 1 branch of the dungeon, and saw 3 of its levels.

You collected 147 gold pieces.

Inventory:

Hand Weapons
 a - a +1 dagger (weapon)
Missiles
 j - 30 poisoned needles
Armour
 b - a +0 robe (worn)
 o - a +0 large shield
Scrolls
 e - 3 scrolls of identify {unknown}
 g - a scroll of remove curse {unknown}
 h - 2 scrolls of noise {unknown}
 i - 3 scrolls of enchant weapon {unknown}
 k - a scroll of random uselessness {unknown}
 m - 8 scrolls of teleportation {unknown}
Potions
 d - 5 potions of blood
 f - a potion of curing {unknown}
 l - a potion of berserk rage {unknown}
 n - a potion of brilliance {unknown}
 p - a potion of agility
 q - a potion of invisibility {unknown}
Books
 c - a book of Maledictions

   Spells                             Type                      Level
   a - Corona                         Hexes                        1
   b - Ensorcelled Hibernation        Hexes/Ice                    2
   c - Confuse                        Hexes                        3
   d - Tukima's Dance                 Hexes                        3
   e - Dazzling Spray                 Conjuration/Hexes            3


   Skills:
 - Level 1.1 Short Blades
 - Level 2.1 Dodging
 + Level 6.8 Stealth
 + Level 3.0 Spellcasting
 + Level 6.0 Hexes
 - Level 0.2 Ice Magic


You had 4 spell levels left.
You knew the following spells:

 Your Spells              Type           Power        Failure   Level  Hunger
a - Corona                Hex            ###....      1%          1    None
b - Ensorcelled Hibernat  Hex/Ice        ##....       7%          2    ##.....
c - Confuse               Hex            ###.....     4%          3    ###....


Dungeon Overview and Level Annotations

Branches:
Dungeon (3/15)

Altars:


Innate Abilities, Weirdness & Mutations

Your natural rate of healing is unusually fast.
You have razor-sharp teeth.
You have supernaturally acute eyesight. (SInv)
You can survive without breathing.


Message History

The orc wizard casts a spell at you. The puff of frost hits you!
* * * LOW HITPOINT WARNING * * *
The orc wizard miscasts a cantrip.
Casting: Ensorcelled Hibernation
Confirm with . or Enter, or press ? or * to list all spells.
Aiming: Ensorcelled Hibernation
Press: ? - help, Shift-Dir - straight line, f/p - orc wizard
Aim: an orc wizard, wielding a dagger and wearing a robe (fast, chance to defeat MR: 44%)
The orc wizard resists with some effort.
The orc wizard closely misses you. The orc wizard casts a spell at you.
The magic dart hits you!
* * * LOW HITPOINT WARNING * * *
The orc wizard closely misses you.
An adder comes into view.
The orc wizard closely misses you.
The orc wizard points at you and mumbles some strange words.
The puff of flame hits you!
You die...

...#.............#...#########...
...#################.#...........
#....)..........##.....#####.....
>#.#............#................
##.#............#...###....###.##
.#.#.#'##########...# #...####...
.#.#.#..............# #...#..####
.#.#.#%..........S..# #..........
.#.#)#..[.......@...###........##
.#.#.#..............##........##
.#.#.#..##########o###........#
.#.#.#......# #..##........#
.#.#.#..###.#######.##.......##
.#.#....# #..........##......####
##.#....# #......#######..o......
#.#....# #...........o......####
#....### #...#############..####


You could see an orc wizard and an adder (sleeping).

Vanquished Creatures
  A bullfrog skeleton (D:3)
  Natasha (D:2)
  3 adders (D:2)
  An ooze (D:3)
  A worm (D:2)
  3 dart slugs (D:1)
  3 leopard geckos
  An orc (D:3)
  8 bats
  8 goblins
  9 hobgoblins
  4 jackals (D:2)
  7 kobolds
  A ball python (D:1)
  3 frilled lizards
  10 rats
64 creatures vanquished.

Notes
Turn   | Place    | Note
-------+----------+-------------------------------------------
     0 | D:1      | dohliylev the Vampire Enchanter began the quest for the Orb.
     0 | D:1      | Reached XP level 1. HP: 13/13 MP: 3/3
   210 | D:1      | Reached XP level 2. HP: 17/19 MP: 5/5
   214 | D:1      | Learned a level 2 spell: Ensorcelled Hibernation
   285 | D:1      | Reached skill level 5 in Hexes
   608 | D:1      | Reached skill level 5 in Stealth
   738 | D:1      | Reached XP level 3. HP: 18/24 MP: 6/6
  1302 | D:2      | Reached XP level 4. HP: 25/30 MP: 2/7
  1354 | D:2      | Learned a level 3 spell: Confuse
  1732 | D:2      | Noticed Natasha
  1737 | D:2      | Killed Natasha
  2121 | D:3      | Reached XP level 5. HP: 32/35 MP: 6/9
  2451 | D:3      | Killed from afar by an orc wizard

Skill      XL: |  1  2  3  4  5 |
---------------+----------------+-----
Hexes          | 5 6 |  6.0
Stealth        | 5 6 |  6.8
Spellcasting   | 3 |  3.0
Short Blades   | |  1.1
Dodging        | |  2.1
Ice Magic      | |  0.2

Action                   |  1- 3 |  4- 6 || total
-------------------------+-------+-------++-------
Melee: Dagger            |   115 |    41 ||   156
       Bite              |     5 |     4 ||     9
 Cast: Ensorcelled Hiber |    18 |    22 ||    40
       Confuse           |       |     2 ||     2
 Stab: Sleeping          |    23 |    13 ||    36
       Distracted        |     1 |       ||     1
       Confused          |       |     1 ||     1
  Eat: Corpse            |    13 |     6 ||    19
Armor: Robe              |    28 |     4 ||    32
Dodge: Dodged            |   103 |    24 ||   127
